 Dungeon Crawl Stone Soup version 0.28-a0-20-gdd470a43dd (webtiles) character file.

Game seed: 1895304328556686843

1148 HAL9000 the Cutter (level 8, -1/40 HPs)
             Began as a Vine Stalker Brigand on July 26, 2021.
             Was a Follower of Uskayaw.
             Slain by a gnoll sergeant (14 damage)
             ... on level 5 of the Dungeon.
             The game lasted 00:09:12 (4909 turns).

HAL9000 the Cutter (Vine Stalker Brigand)           Turns: 4909, Time: 00:09:13

Health: -1/40      AC:  6    Str: 15    XL:     8   Next: 38%
Magic:  0/9        EV: 11    Int: 12    God:    Uskayaw [*.....]
Gold:   155        SH:  0    Dex: 28    Spells: 7/7 levels left

rFire   . . .      SeeInvis .   a - +2 dagger
rCold   . . .      Faith    .   (no shield)
rNeg    . . .      Spirit   +   v - +1 leather armour {rPois}
rPois   +          Reflect  .   r - +0 helmet
rElec   .          Harm     .   c - +0 cloak
rCorr   .          Rampage  .   (no gloves)
Will    +....                   (no boots)
Stlth   +++.......              l - amulet of the acrobat
HPRegen 1.13/turn               t - +6 ring of dexterity
MPRegen 0.11/turn               u - +6 ring of dexterity

@: no status effects
A: fangs 3, regeneration 1, magic shield, antimagic bite, no potion heal 2
a: Renounce Religion, Stomp


You were on level 5 of the Dungeon.
You worshipped Uskayaw.
Uskayaw was noncommittal.
You visited 1 branch of the dungeon, and saw 5 of its levels.

You collected 155 gold pieces.

Inventory:

Hand Weapons
 a - a +2 dagger (weapon)
Missiles
 d - 5 poisoned darts (quivered)
 e - a curare-tipped dart
 i - 5 boomerangs
Armour
 b - a +0 robe
 c - a +0 cloak (worn)
 r - a +0 helmet (worn)
 v - a +1 leather armour of poison resistance (worn)
Jewellery
 l - an amulet of the acrobat (around neck)
 m - a ring of fire
 t - a +6 ring of dexterity (left hand)
 u - a +6 ring of dexterity (right hand)
Wands
 o - a wand of flame (19)
 w - a wand of paralysis (8)
Scrolls
 f - 2 scrolls of immolation {unknown}
 g - 2 scrolls of teleportation
 h - a scroll of fear {unknown}
 k - a scroll of torment {unknown}
 p - 2 scrolls of vulnerability
Potions
 j - a potion of flight {unknown}
 n - a potion of lignification {unknown}
 q - a potion of curing {unknown}
 s - a potion of might {unknown}


   Skills:
 - Level 3.1 Fighting
 + Level 7.1 Short Blades
 - Level 5.2 Throwing
 - Level 0.7 Dodging
 - Level 4.8 Stealth


You had 7 spell levels left.
You didn't know any spells.
Your spell library contained the following spells:

 Spells                   Type           Power      Damage    Failure   Level
 Static Discharge         Conj/Air       0%         N/A       52%         2
 Iskenderun's Battlesphe  Conj           0%         2d6       100%        5
 Lightning Bolt           Conj/Air       0%         1d11      100%        5
 Iron Shot                Conj/Erth      0%         9d1       100%        6
 Spellforged Servitor     Conj/Summ      0%         N/A       100%        7
 Maxwell's Capacitive Co  Air            0%         ∞         100%        8


Dungeon Overview and Level Annotations

Branches:
Dungeon (5/15)
 Temple: D:4-7

Altars:
Uskayaw

Shops:
D:2 (

Annotations:
D:5 Pikel


Innate Abilities, Weirdness & Mutations

You have razor-sharp teeth.
Your natural rate of healing is unusually fast.
When hurt, damage is shared between your health and your magic reserves.
Your bite disrupts and absorbs the magic of your enemies.
Potions cannot restore your health.


Message History

You hit the gnoll but do no damage. Your bite misses the gnoll.
The gnoll is severely wounded.
The gnoll closely misses you.
You hit the gnoll.
You kill the gnoll!
HP restored.
A gnoll sergeant is nearby!
A gnoll sergeant is nearby!
You throw a poisoned dart.
The poisoned dart hits the gnoll sergeant!
The gnoll sergeant is poisoned.
You throw a poisoned dart.
The poisoned dart hits the gnoll sergeant.
The gnoll sergeant looks even sicker.
The gnoll sergeant is lightly wounded.
You throw a poisoned dart.
The poisoned dart barely misses the gnoll sergeant.
You throw a poisoned dart.
The poisoned dart hits the gnoll sergeant!
The gnoll sergeant looks as sick as possible!
The gnoll sergeant is lightly wounded.
The gnoll sergeant closely misses you.
You hit the gnoll sergeant.
You bite the gnoll sergeant, but do no damage.
The gnoll sergeant is moderately wounded.
The gnoll sergeant hits you with a +4 trident of distortion!
Space bends around you.
You hit the gnoll sergeant. You bite the gnoll sergeant. You drain its power.
You feel invigorated.
The gnoll sergeant is severely wounded.
You closely miss the gnoll sergeant. Your bite misses the gnoll sergeant.
The gnoll sergeant is severely wounded.
The gnoll sergeant hits you with a +4 trident of distortion!
Space bends around you.
You barely miss the gnoll sergeant.
You bite the gnoll sergeant, but do no damage.
The gnoll sergeant is severely wounded.
The gnoll sergeant hits you with a +4 trident of distortion!
Space warps horribly around you!
You die...

... #........# ...#+
##..###..# #.... ##+
#### #..... .. #.....
...#######.....#+####
......<........)<...#
......g...#####.....#
....gggg..# +.@...#
..........# #.g...#
..........# #.....#
..........# #.(...#
...######## #.....#
... #.(...# ..
#.....# #.....#


You could see a gnoll sergeant (very poisoned).

Vanquished Creatures
  Grinder (D:4)
  Sigmund (D:4)
  Duvessa (D:4)
  2 ogres (D:3)
  A lemure (D:4)
  2 scorpions
  Dowan (D:4)
  2 hounds
  A bullfrog skeleton (D:3)
  Natasha (thrice) (D:4)
  Robin (D:4)
  8 gnolls
  2 adders
  A white imp (D:5)
  A worm (D:3)
  A dart slug (D:4)
  6 orcs (D:4)
  6 endoplasms
  4 giant cockroaches
  12 goblins (D:4)
  5 hobgoblins
  2 jackals (D:2)
  4 quokkas
  4 ball pythons
  5 bats
  A frilled lizard (D:1)
  4 kobolds
  2 rats
84 creatures vanquished.

Notes
Turn   | Place    | Note
-------+----------+-------------------------------------------
     0 | D:1      | HAL9000 the Vine Stalker Brigand began the quest for the
                  | Orb.
     0 | D:1      | Reached XP level 1. HP: 11/11 MP: 2/2
   297 | D:1      | Found a faded altar of an unknown god.
   696 | D:1      | Reached XP level 2. HP: 15/15 MP: 3/3
  1223 | D:2      | Reached XP level 3. HP: 16/18 MP: 4/4
  1773 | D:2      | Found Muettaph's Weapon Emporium.
  1777 | D:2      | Gained mutation: Your natural rate of healing is unusually
                  | fast. [Vine Stalker growth]
  1777 | D:2      | Reached XP level 4. HP: 18/23 MP: 5/5
  2674 | D:3      | Noticed an ogre
  2688 | D:3      | Killed an ogre
  2689 | D:3      | Reached skill level 5 in Throwing
  2689 | D:3      | Reached XP level 5. HP: 26/26 MP: 6/6
  2907 | D:3      | Reached skill level 2 in Short Blades
  3101 | D:3      | Found a hide-covered altar of Uskayaw.
  3105 | D:3      | Became a worshipper of Uskayaw the Reveller
  3294 | D:4      | Noticed Sigmund
  3297 | D:4      | Noticed Grinder
  3321 | D:4      | Noticed Robin
  3322 | D:4      | Noticed an ogre
  3330 | D:3      | Reached XP level 6. HP: 14/30 MP: 4/7
  3421 | D:4      | Reached * piety under Uskayaw
  3427 | D:4      | Reached ** piety under Uskayaw
  3438 | D:4      | Killed Sigmund
  3439 | D:4      | Reached skill level 4 in Short Blades
  3701 | D:4      | Reached XP level 7. HP: 34/34 MP: 8/8
  3723 | D:4      | Reached *** piety under Uskayaw
  3724 | D:4      | Killed Grinder
  3725 | D:4      | Reached skill level 5 in Short Blades
  3840 | D:4      | Noticed Natasha
  3840 | D:4      | Noticed Duvessa
  3840 | D:4      | Noticed Dowan
  4211 | D:4      | Killed Robin
  4285 | D:4      | Killed Natasha
  4292 | D:4      | Noticed Natasha
  4345 | D:4      | Killed Duvessa
  4346 | D:4      | Reached skill level 6 in Short Blades
  4346 | D:4      | Gained mutation: You have razor-sharp teeth. [Vine Stalker
                  | growth]
  4346 | D:4      | Reached XP level 8. HP: 24/40 MP: 7/9
  4360 | D:4      | Killed Natasha
  4371 | D:4      | Killed Dowan
  4503 | D:4      | Noticed Natasha
  4509 | D:4      | Killed Natasha
  4727 | D:5      | Entered Level 5 of the Dungeon
  4802 | D:5      | Noticed Pikel
  4874 | D:4      | Reached skill level 7 in Short Blades
  4909 | D:5      | Slain by a gnoll sergeant

Illustrated notes

Levels and vault maps discovered:
D:1:      eino_arrival_cavern_d, layout_loops_corners,
          shapermc_ecumenical_altar_mp_highgroup, amcnicky_mini_pool_small
D:2:      layout_basic, serial_shops, shop, roderic_serpentine_path
D:3:      layout_basic, mainiacjoe_overflow_24_doors, grunt_ministairs_13,
          patterned_corridor
D:4:      layout_basic, uniq_sigmund, uniq_natasha, uniq_robin, uniq_grinder,
          uniq_duvessa
D:5:      layout_gridville, uniq_menkaure, uniq_pikel

Skill      XL: |  1  2  3  4  5  6  7  8 |
---------------+-------------------------+-----
Throwing       | 2 3 5 |  5.2
Short Blades   | 2 4 6 7 |  7.1
Fighting       | 3 |  3.1
Dodging        | |  0.7
Stealth        | |  4.8

Action                   |  1- 3 |  4- 6 |  7- 9 || total
-------------------------+-------+-------+-------++-------
Melee: Dagger            |    48 |    59 |   169 ||   276
       Bite              |     9 |    16 |    61 ||    86
Throw: Dart              |    13 |    17 |    23 ||    53
       Boomerang         |     2 |     6 |       ||     8
Invok: Line Pass         |       |       |     1 ||     1
  Use: Scroll            |       |     4 |     1 ||     5
       Potion            |       |       |     1 ||     1
 Stab: Sleeping          |     4 |     4 |     1 ||     9
       Paralysed         |       |       |     2 ||     2
       Distracted        |       |       |     1 ||     1
Armor: Robe              |    14 |     9 |    13 ||    36
       Leather armour    |       |       |     3 ||     3
Dodge: Dodged            |    33 |    41 |    89 ||   163

Table legend: (Time is in decaauts)
 A = Elapsed time spent in this place.
 B = Non-inter-level travel time spent in this place.
 C = Inter-level travel time spent in this place.
 D = Time resting spent in this place.
 E = Time spent auto-exploring this place.
 F = Levels seen in this place.
 G = Mean time per level.
                   A        B        C        D        E       F      G
               +--------+--------+--------+--------+--------+-----+--------+
         Total |   4851 |   4501 |    350 |    555 |   3026 |   5 |  970.2 |
       Dungeon |   4851 |   4501 |    350 |    555 |   3026 |   5 |  970.2 |
               +--------+--------+--------+--------+--------+-----+--------+

Top non-repeatable levels by time:
     D:2: 1403 daAuts
     D:4: 1222 daAuts
     D:1: 1115 daAuts
     D:3: 1070 daAuts
     D:5: 39 daAuts
